 Dungeon Crawl Stone Soup version 0.29-a0-1052-g6990b1bffc (webtiles) character file.

Game seed: 16560915062519502774

27700 gelatine the Thaumaturge (level 13, -3/88 HPs)
             Began as a Demonspawn Venom Mage on Aug 17, 2022.
             Was an Elder of Vehumet.
             Shot with a bolt by a tengu warrior (21 damage)
             ... on level 13 of the Dungeon.
             The game lasted 01:35:21 (18089 turns).

gelatine the Thaumaturge (Demonspawn Venom Mage)   Turns: 18089, Time: 01:35:21

Health: -3/88      AC: 21    Str: 16    XL:     13   Next: 5%
Magic:  17/27      EV: 15    Int: 18    God:    Vehumet [****..]
Gold:   753        SH:  0    Dex: 20    Spells: 7/32 levels left

rFire   . . .      SeeInvis +   N - +5 great sword of Wu Jian's Condemnation {vorpal, rPois Str+4 Stlth+}
rCold   . . .      Faith    .   (shield currently unavailable)
rNeg    . . .      Spirit   .   y - +1 steam dragon scales
rPois   +          Reflect  .   (helmet restricted)
rElec   .          Harm     .   d - +2 cloak
rCorr   .          Rampage  .   a - +0 pair of gloves
Will    .....                   h - +0 pair of boots
Stlth   ++++......              A - amulet of magic regeneration
HPRegen 0.24/turn               s - +6 ring of dexterity
MPRegen 0.60/turn               (no ring)

@: sanguine armoured
A: antennae 2, powered by death 2, sanguine armour 2, see invisible, shaggy fur
1
a: Renounce Religion


You were on level 13 of the Dungeon.
You worshipped Vehumet.
Vehumet was greatly pleased with you.
You visited 2 branches of the dungeon, and saw 14 of its levels.
You also visited: Bailey.

You collected 803 gold pieces.
You spent 50 gold pieces at shops.

Inventory:

Hand Weapons
 q - a +3 flail of draining
 N - the +5 great sword of Wu Jian's Condemnation (weapon) {vorpal, rPois Str+4 Stlth+}
   (You found it on level 11 of the Dungeon)

   It inflicts extra damage upon your enemies.
   Str:       It affects your strength (+4).
   rPois:     It protects you from poison.
   Stlth:     It makes you more stealthy.
Armour
 a - a +0 pair of gloves (worn)
 d - a +2 cloak (worn)
 h - a +0 pair of boots (worn)
 y - +1 steam dragon scales (worn)
 z - the +2 pair of boots of Hubris {rC++ Will- Int+2 SInv}
   (You found it on level 6 of the Dungeon)

   Int:       It affects your intelligence (+2).
   rC:        It greatly protects you from cold.
   SInv:      It lets you see invisible.
   Will:      It decreases your willpower.
 H - a +0 robe of fire resistance
 J - a scarf of repulsion
 Q - a +1 leather armour of fire resistance
 R - a +2 robe of positive energy
Jewellery
 s - a +6 ring of dexterity (left hand)
 A - an amulet of magic regeneration (around neck)
Wands
 f - a wand of polymorph (6)
 r - a wand of roots (22)
 v - a wand of digging (7)
 x - a wand of acid (17)
Scrolls
 e - a scroll of silence
 i - 4 scrolls of fear
 j - 2 scrolls of immolation
 k - 7 scrolls of teleportation
 n - 3 scrolls of identify
 p - 2 scrolls of noise
 w - 2 scrolls of blinking
 L - a scroll of butterflies
 O - a scroll of torment
Potions
 b - 6 potions of magic
 c - 4 potions of haste
 g - 8 potions of curing
 l - 3 potions of invisibility
 t - 2 potions of might
 u - 2 potions of ambrosia
 B - 3 potions of brilliance
 D - 4 potions of mutation
 E - a potion of lignification
 I - a potion of cancellation
 P - a potion of flight
Miscellaneous
 F - a lightning rod (3/4)
 K - a box of beasts (inert)
 M - a tin of tremorstones (1/2)


   Skills:
 + Level 4.0 Fighting
 * Level 4.5 Long Blades
 + Level 3.8 Maces & Flails
 + Level 1.3 Polearms
 + Level 5.1 Dodging
 + Level 4.4 Stealth
 + Level 10.2 Spellcasting
 * Level 7.0 Conjurations
 * Level 6.0 Translocations
 + Level 5.0 Transmutations
 + Level 0.2 Fire Magic
 + Level 4.8 Air Magic
 + Level 4.3 Earth Magic
 + Level 8.9 Poison Magic
 + Level 4.2 Evocations


You had 7 spell levels left.
You knew the following spells:

 Your Spells              Type           Power      Damage    Failure   Level
b - Poisonous Vapours     Pois/Air       68%        N/A       1%          2
c - Mephitic Cloud        Conj/Pois/Air  34%        N/A       1%          3
d - Olgreb's Toxic Radia  Pois           41%        N/A       1%          4
e - Static Discharge      Conj/Air       30%        3-7/arc   1%          2
f - Blink                 Tloc           62%        N/A       1%          2
h - Scorch                Fire           18%        2d6       3%          2
i - Stone Arrow           Conj/Erth      58%        3d10      1%          3
j - Iskenderun's Mystic   Conj/Tloc      32%        2d8       1%          4
k - Frozen Ramparts       Ice            18%        1d3       6%          3

Your spell library contained the following spells:

 Spells                   Type           Power      Damage    Failure   Level
 Sandblast                Erth           48%        2d12      1%          1
 Sting                    Tmut/Pois      100%       1d8       1%          1
 Passwall                 Tmut/Erth      21%        N/A       1%          2
 Lesser Beckoning         Tloc           31%        N/A       1%          3
 Sticky Flame             Conj/Fire      22%        2d4       4%          4
 Fulminant Prism          Conj/Hex       10%        3d9       5%          4
 Irradiate                Conj/Tmut      15%        3d16      5%          5
 Slow                     Hex            36%        N/A       8%          1
 Petrify                  Tmut/Erth      26%        N/A       11%         4
 Sublimation of Blood     Necr           9%         N/A       12%         2
 Manifold Assault         Tloc           31%        N/A       19%         5
 Confusing Touch          Hex            9%         N/A       24%         3
 Summon Guardian Golem    Hex/Summ       9%         N/A       24%         3
 Vampiric Draining        Necr           9%         2d6       24%         3
 Blade Hands              Tmut           13%        N/A       26%         5
 Dispel Undead            Necr           9%         3d8       61%         4
 Orb of Destruction       Conj           17%        9d7       65%         7
 Summon Mana Viper        Hex/Summ       9%         N/A       91%         5
 Spellforged Servitor     Conj/Summ      10%        N/A       97%         7
 Dragon Form              Tmut           13%        N/A       100%        7


Dungeon Overview and Level Annotations

Branches:
Dungeon (13/15)            Temple (1/1) D:5            Lair (0/5) D:9
    Orc (0/2) D:12         Bailey (visited)
 Vaults: D:13-14

Altars:
Ashenzari
Cheibriados
Dithmenos
Fedhas
Gozag
Hepliaklqana
Kikubaaqudgha
Makhleb
Nemelex Xobeh
Okawaru
Qazlal
Ru
Sif Muna
Trog
Uskayaw
Vehumet
Wu Jian
Xom
Yredelemnul

Shops:
D:2 =**!   D:5 (


Innate Abilities, Weirdness & Mutations

You have a pair of antennae on your head.
You regenerate health from kills.
When seriously injured, your blood forms thick armour. (AC +9)
You have supernaturally acute eyesight. (SInv)
You are covered in fur. (AC +1)


Message History

Aim: a tengu warrior, wielding a +0 arbalest and wearing a +0 ring mail (lightly wounded, very poisoned, more vulnerable to fire)
The thunderbolt hits the tengu warrior!
The tengu warrior is moderately wounded.
You hear a shout!
The tengu warrior is no longer more vulnerable to fire.
The tengu warrior shoots a bolt.
The bolt barely misses you.
Casting: Iskenderun's Mystic Blast (dangerous; 1% risk of failure)
Confirm with . or Enter, or press ? or * to list all spells.
Casting: Frozen Ramparts (dangerous; 6% risk of failure)
Press: ? - help, Dir - look around, f - activate The walls around you are covered in ice.
The wall freezes the tengu warrior.
The tengu warrior shoots a bolt.
The bolt misses you.
Casting: Frozen Ramparts (dangerous; 6% risk of failure)
Confirm with . or Enter, or press ? or * to list all spells.
Aiming: Stone Arrow (safe; 1% risk of failure)
Press: ? - help, Shift-Dir - straight line, f - tengu warrior
Aim: a tengu warrior, wielding a +0 arbalest and wearing a +0 ring mail (moderately wounded, very poisoned, 50% to hit)
The stone arrow misses the tengu warrior.
The wall freezes the tengu warrior but does no damage.
The tengu warrior shoots a bolt.
The bolt hits you!!
* * * LOW HITPOINT WARNING * * *
You feel much better.
The wall freezes the tengu warrior but does no damage.
The tengu warrior shoots a bolt.
The bolt hits you!
* * * LOW HITPOINT WARNING * * *
Unknown command.
Aiming: Corrosive Bolt
Press: ? - help, Q - select action, (/) - cycle Shift-Dir - straight line, f/p - tengu warrior
Aim: a tengu warrior, wielding a +0 arbalest and wearing a +0 ring mail (moderately wounded, very poisoned, 54% to hit)
The bolt of acid misses the tengu warrior.
The wall freezes the tengu warrior but does no damage.
The tengu warrior shoots a bolt.
The bolt hits you.
* * * LOW HITPOINT WARNING * * *
Your frozen ramparts will break if you move.
Continue?
Okay, then.
Your frozen ramparts will break if you move.
Continue?
The frozen ramparts melt away as you move.
The tengu warrior shoots a bolt.
The bolt hits you!!
You die...

...###.. ##.....
...'.... .......
.###.. .#..... #.#
.!..... #.# .......
#!# ....... +# #..
#....(### .# ###
#.....@.# ##.######
.......#)# #.......#
##.#.###.# ##...###.#
#.###.###.....##.#
#....Q.......###.####
#####.###............
...# #..#.###.####
##### #....# #.#
##.#####.#


You could see a tengu warrior (very poisoned).

Vanquished Creatures
  Josephine (D:12)
  A catoblepas (D:10)
  Erolcha (D:11)
  2 hydras
  2 two-headed ogres
  2 orc knights
  2 ugly things (D:12)
  2 cyclopes
  4 centaur zombies (D:11)
  2 komodo dragons (D:12)
  2 kobold demonologists
  3 trolls
  A meliai zombie (D:11)
  8 shadows
  4 wraiths
  22 yaks
  2 steam dragons
  2 basilisks (D:12)
  4 vampire mosquitoes (D:12)
  A warg (D:12)
  11 orc warriors
  3 water moccasins
  2 ice beasts
  2 black bears
  8 ogres
  4 centaurs
  A phantom (D:5)
  5 kobold brigands
  3 bullfrogs
  6 gnoll sergeants
  A scorpion (D:7)
  5 wights (D:6)
  6 howler monkeys
  4 hounds (D:5)
  5 jellies
  10 orc priests
  A gnoll bouda (D:10)
  3 iguanas
  7 orc wizards
  A howler monkey zombie (D:11)
  Robin (D:4)
  20 gnolls
  10 adders
  A white imp (D:6)
  An ufetubus (D:7)
  3 worms
  5 dart slugs
  57 orcs
  8 ball pythons
  4 bats
  6 endoplasms
  3 giant cockroaches
  10 hobgoblins
  6 jackals
  4 quokkas
  A frilled lizard (D:3)
  14 goblins
  13 kobolds
  5 rats
328 creatures vanquished.

Vanquished Creatures (others)
  4 fungi (D:9)
  24 plants
  2 withered plants (D:11)
30 creatures vanquished.

Grand Total: 358 creatures vanquished

Notes
Turn   | Place    | Note
-------+----------+-------------------------------------------
     0 | D:1      | gelatine the Demonspawn Venom Mage began the quest for the
                  | Orb.
     0 | D:1      | Reached XP level 1. HP: 13/13 MP: 3/3
   797 | D:1      | Reached skill level 1 in Transmutations
   797 | D:1      | Gained mutation: When seriously injured, your blood forms
                  | armour. (AC +9) [demonic ancestry]
   797 | D:1      | Reached XP level 2. HP: 19/19 MP: 0/5
  1029 | D:1      | Found a faded altar of an unknown god.
  1168 | D:2      | Learned a level 2 spell: Poisonous Vapours
  1668 | D:2      | Gained mutation: You regenerate a little health from kills.
                  | [demonic ancestry]
  1668 | D:2      | Reached XP level 3. HP: 10/24 MP: 2/6
  1873 | D:2      | Found Gyrifas's Jewellery Shoppe.
  1947 | D:2      | Found Pueri's General Store.
  2226 | D:2      | Gained mutation: When seriously injured, your blood forms
                  | thick armour. (AC +9) [demonic ancestry]
  2226 | D:2      | Reached XP level 4. HP: 21/30 MP: 1/7
  2417 | D:2      | Found Rilaed's General Store.
  2426 | D:2      | Bought a potion of heal wounds for 50 gold pieces
  2699 | D:2      | Found Utadde's Distillery.
  3994 | D:4      | Reached skill level 3 in Spellcasting
  3994 | D:4      | Gained mutation: You have a pair of small antennae on your
                  | head. [demonic ancestry]
  3994 | D:4      | Reached XP level 5. HP: 30/35 MP: 1/9
  4457 | D:4      | Noticed a black bear
  4464 | D:4      | Killed a black bear
  4465 | D:4      | Reached XP level 6. HP: 41/41 MP: 1/11
  4567 | D:4      | Reached skill level 4 in Spellcasting
  4593 | D:4      | Noticed Robin
  4726 | D:4      | Killed Robin
  5277 | D:4      | Reached skill level 5 in Poison Magic
  5277 | D:4      | Reached XP level 7. HP: 40/47 MP: 2/13
  5515 | D:5      | Entered Level 5 of the Dungeon
  5564 | D:5      | Reached skill level 1 in Maces & Flails
  5753 | D:5      | Learned a level 3 spell: Mephitic Cloud
  5758 | D:5      | Learned a level 4 spell: Olgreb's Toxic Radiance
  5761 | D:5      | Learned a level 2 spell: Static Discharge
  5764 | D:5      | Learned a level 2 spell: Blink
  5779 | D:5      | Reached skill level 1 in Fighting
  5779 | D:5      | Reached skill level 1 in Air Magic
  5950 | D:5      | Found Coniry's Weapon Shoppe.
  6337 | D:5      | Gained mutation: You regenerate health from kills. [demonic
                  | ancestry]
  6337 | D:5      | Reached XP level 8. HP: 31/54 MP: 1/15
  6528 | D:5      | Reached skill level 5 in Spellcasting
  6693 | D:1      | Got the Teachings on Spatial Beguiling
  7672 | D:5      | Found a staircase to the Ecumenical Temple.
  7682 | Temple   | Entered the Ecumenical Temple
  7725 | Temple   | Became a worshipper of Vehumet
  9115 | D:6      | You fall into a shaft and drop 3 floors!
  9164 | D:9      | Reached skill level 6 in Spellcasting
  9435 | D:8      | Found an opulent altar of Gozag.
  9513 | D:7      | Reached XP level 9. HP: 60/60 MP: 15/18
 10148 | D:6      | Identified the +2 pair of boots of Hubris {rC++ Will- Int+2
                  | SInv}
 10531 | D:6      | Reached skill level 1 in Conjurations
 10536 | D:6      | Reached * piety under Vehumet
 10536 | D:6      | Offered knowledge of Sandblast by Vehumet.
 10545 | D:6      | Learned a level 1 spell: Sandblast
 11053 | D:7      | Reached skill level 7 in Spellcasting
 11419 | D:7      | Noticed a kobold demonologist
 11421 | D:7      | Noticed a red devil
 11444 | D:7      | Noticed an ice devil
 11448 | D:7      | Noticed a sixfirhy
 12030 | D:7      | Reached skill level 1 in Evocations
 12119 | D:7      | Noticed a sixfirhy
 12120 | D:7      | Noticed a hellwing
 12131 | D:7      | Killed a kobold demonologist
 12132 | D:7      | Reached skill level 1 in Translocations
 12529 | D:8      | Reached skill level 1 in Earth Magic
 12964 | D:8      | Noticed a two-headed ogre
 12973 | D:8      | HP: 3/61 [two-headed ogre/+0 giant club (12)]
 12975 | D:8      | Killed a two-headed ogre
 12976 | D:8      | Reached XP level 10. HP: 5/67 MP: 14/21
 13548 | D:9      | Reached skill level 8 in Spellcasting
 13976 | D:9      | Found a staircase to the Lair.
 14275 | D:10     | Entered Level 10 of the Dungeon
 14312 | D:10     | Offered knowledge of Scorch by Vehumet.
 14327 | D:10     | Reached ** piety under Vehumet
 14394 | D:10     | Found a flagged portal.
 14403 | Bailey   | Entered a bailey
 14727 | Bailey   | Noticed an orc knight
 14743 | Bailey   | Killed an orc knight
 14788 | Bailey   | Reached skill level 5 in Transmutations
 14788 | Bailey   | Gained mutation: You have a pair of antennae on your head.
                  | [demonic ancestry]
 14788 | Bailey   | Reached XP level 11. HP: 75/75 MP: 23/23
 14792 | Bailey   | Learned a level 2 spell: Scorch
 14879 | D:10     | Noticed a catoblepas
 14900 | D:10     | Killed a catoblepas
 14901 | D:10     | Reached skill level 5 in Conjurations
 15226 | D:10     | Reached skill level 1 in Polearms
 15302 | D:10     | Offered knowledge of Stone Arrow by Vehumet.
 15303 | D:10     | Reached skill level 9 in Spellcasting
 15308 | D:10     | Learned a level 3 spell: Stone Arrow
 15688 | D:11     | Noticed Erolcha
 15689 | D:11     | Reached XP level 12. HP: 77/81 MP: 10/25
 15700 | D:11     | Reached *** piety under Vehumet
 15705 | D:11     | Killed Erolcha
 15706 | D:11     | Reached skill level 1 in Long Blades
 15708 | D:11     | Gained mutation: You are covered in fur. (AC +1) [potion of
                  | mutation]
 15708 | D:11     | Gained mutation: You have supernaturally acute eyesight.
                  | (SInv) [potion of mutation]
 15910 | D:11     | Identified the +5 great sword of Wu Jian's Condemnation
                  | {vorpal, rPois Str+4 Stlth+}
 15939 | D:11     | Noticed a four-headed hydra
 15954 | D:11     | Killed a four-headed hydra
 16024 | D:11     | Reached skill level 5 in Translocations
 16257 | D:11     | Offered knowledge of Iskenderun's Mystic Blast by Vehumet.
 16536 | D:12     | Noticed Josephine
 16555 | D:11     | Upgraded the game from 0.29-a0-1047-g7c58e119a4 to
                  | 0.29-a0-1052-g6990b1bffc
 16593 | D:11     | Learned a level 4 spell: Iskenderun's Mystic Blast
 16600 | D:12     | Killed Josephine
 16607 | D:12     | Noticed a two-headed ogre
 16616 | D:11     | Reached **** piety under Vehumet
 17099 | D:12     | Offered knowledge of Frozen Ramparts by Vehumet.
 17100 | D:12     | Reached skill level 5 in Dodging
 17112 | D:12     | Learned a level 3 spell: Frozen Ramparts
 17193 | D:12     | Killed a two-headed ogre
 17194 | D:12     | Reached skill level 10 in Spellcasting
 17439 | D:12     | Found a staircase to the Orcish Mines.
 17504 | D:12     | Reached XP level 13. HP: 85/88 MP: 27/27
 18089 | D:13     | Shot with a bolt by a tengu warrior

Illustrated notes

Levels and vault maps discovered:
D:1:      saegor_arrival_simple_d, layout_loops_corners,
          shapermc_ecumenical_altar_ellora, due_unseen_surprise
D:2:      layout_loops_ring, serial_shops, shop, shop, nicolae_shop_waterfront,
          shop
D:3:      layout_basic, serial_bayou_lagoon_a
D:4:      layout_loops_ring, minmay_fractal_squares_5, uniq_robin
D:5:      layout_basic, lemuel_temple_firewalk_a, serial_shops,
          kennysheep_little_box
D:6:      layout_basic, nicolae_elevator_lobby_asterisk
D:7:      layout_loops_corners
D:8:      layout_gridville, overflow_temple_1_default
D:9:      layout_grid_maze, lemuel_tele_altar, grunt_lair_entry_orc_guard_hut
D:10:     layout_roguey, enter_bailey_8
D:11:     layout_loops_cross, serial_undead, serial_undead_c, serial_undead_e,
          serial_undead_a, serial_undead_c, uniq_erolcha
D:12:     layout_cave_pools, kennysheep_orc_monster_closet_entryway,
          uniq_josephine
D:13:     nzn_winding_woodlands_three_and_one
          [nzn_winding_woodlands_5x15_jagged, nzn_winding_woodlands_5x15_pool,
          nzn_winding_woodlands_5x15_split_checker,
          nzn_winding_woodlands_center_triple_pond], layout_loops_corners,
          david_vaults_1, elves_outpost_lemuel
Temple:   mainiacjoe_temple_big_plus

Skill      XL: |  1  2  3  4  5  6  7  8  9 10 11 12 13 |
---------------+----------------------------------------+-----
Transmutations | 1 2 3 4 5 |  5.0
Dodging        | 2 3 4 5 |  5.1
Stealth        | 2 3 4 |  4.4
Poison Magic   | 4 5 6 7 8 |  8.9
Spellcasting   | 3 4 6 7 8 9 10 | 10.2
Maces & Flails | 1 2 3 |  3.8
Fighting       | 1 2 3 4 |  4.0
Air Magic      | 1 2 3 4 |  4.8
Conjurations   | 2 4 5 6 7 |  7.0
Evocations     | 1 4 |  4.2
Translocations | 1 3 4 6 |  6.0
Earth Magic    | 1 3 4 |  4.3
Polearms       | 1 |  1.3
Long Blades    | 4 |  4.5
Fire Magic     | |  0.2

Action                   |  1- 3 |  4- 6 |  7- 9 | 10-12 | 13-15 || total
-------------------------+-------+-------+-------+-------+-------++-------
Melee: Unarmed           |    17 |       |       |       |       ||    17
       Trident           |    17 |    17 |       |       |       ||    34
       Flail             |       |    73 |   131 |    37 |       ||   241
       Punch             |       |     2 |     1 |       |       ||     3
       Halberd           |       |       |       |    20 |       ||    20
       Long sword        |       |       |       |    22 |       ||    22
       Great sword       |       |       |       |    62 |       ||    62
 Cast: Sting             |    63 |   109 |    78 |    11 |       ||   261
       Poisonous Vapours |       |    20 |    35 |    20 |     2 ||    77
       Static Discharge  |       |       |    45 |    66 |     1 ||   112
       Olgreb's Toxic Ra |       |       |    24 |    32 |     2 ||    58
       Mephitic Cloud    |       |       |    11 |     7 |       ||    18
       Sandblast         |       |       |    14 |    19 |       ||    33
       Blink             |       |       |     4 |       |     1 ||     5
       Stone Arrow       |       |       |       |    44 |     1 ||    45
       Scorch            |       |       |       |     1 |    12 ||    13
       Iskenderun's Myst |       |       |       |    13 |     6 ||    19
       Frozen Ramparts   |       |       |       |     2 |     1 ||     3
Evoke: Wand              |       |       |     1 |       |     1 ||     2
       Lightning rod     |       |       |       |     2 |     1 ||     3
       Box of beasts     |       |       |       |     1 |       ||     1
       Tin of tremorston |       |       |       |     1 |       ||     1
  Use: Potion            |     4 |     1 |     2 |     7 |     1 ||    15
       Scroll            |       |     2 |    18 |     6 |     3 ||    29
 Stab: Sleeping          |     1 |     1 |       |     6 |       ||     8
       Confused          |       |       |     1 |     3 |       ||     4
Armor: Robe              |     7 |    48 |    25 |       |       ||    80
       Steam dragon scal |       |       |    68 |   144 |     7 ||   219
Dodge: Dodged            |    39 |    95 |   185 |   256 |     8 ||   583

Table legend: (Time is in decaauts)
 A = Elapsed time spent in this place.
 B = Non-inter-level travel time spent in this place.
 C = Inter-level travel time spent in this place.
 D = Time resting spent in this place.
 E = Time spent auto-exploring this place.
 F = Levels seen in this place.
 G = Mean time per level.
                   A        B        C        D        E       F      G
               +--------+--------+--------+--------+--------+-----+--------+
         Total |  18278 |  16948 |   1330 |   2731 |  11025 |  15 | 1218.5 |
       Dungeon |  17449 |  16152 |   1297 |   2603 |  10620 |  13 | 1342.2 |
        Temple |    426 |    393 |     33 |      0 |    380 |   1 |  426.0 |
        Bailey |    402 |    402 |      0 |    128 |     25 |   1 |  402.0 |
               +--------+--------+--------+--------+--------+-----+--------+

Top non-repeatable levels by time:
     D:5: 2749 daAuts
     D:4: 1918 daAuts
     D:2: 1714 daAuts
     D:6: 1713 daAuts
     D:1: 1461 daAuts
     D:7: 1257 daAuts
    D:11: 1152 daAuts
     D:8: 1141 daAuts
     D:9: 1065 daAuts
    D:10: 1021 daAuts
    D:12: 1015 daAuts
     D:3: 939 daAuts
  Temple: 426 daAuts
  Bailey: 402 daAuts
    D:13: 298 daAuts
